 Dungeon Crawl Stone Soup version 0.30-b1-2-g02819fbbbe (webtiles) character file.

Game seed: 11576676054907669351

11 Metae the Shield-Bearer (level 2, 0/27 HPs)
             Began as a Minotaur Fighter on July 2, 2023.
             Slain by a goblin
             ... wielding a +0 club
              (3 damage)
             ... on level 2 of the Dungeon.
             The game lasted 00:00:33 (124 turns).

Metae the Shield-Bearer (Minotaur Fighter)           Turns: 124, Time: 00:00:33

Health: 0/27       AC:  7    Str: 20    XL:     2   Next: 17%
Magic:  1/1        EV:  9    Int:  5    God:
Gold:   28         SH:  4    Dex:  9    Spells: 1/1 levels left

rFire   . . .        a - +0 rapier
rCold   . . .        c - +0 buckler
rNeg    . . .        b - +0 scale mail
rPois   .            (helmet restricted)
rElec   .            (no cloak)
rCorr   .            (no gloves)
SInv    .            (no boots)
Will    .....        (no amulet) Stlth
                     (no ring)
HPRegen 0.24/turn    (no ring)
MPRegen 0.07/turn

%: no passive effects
@: no status effects
A: horns 2, retaliatory headbutt
a: no special abilities


You were on level 2 of the Dungeon.
You visited 1 branch of the dungeon, and saw 2 of its levels.

You collected 28 gold pieces.

Inventory:

Hand Weapons
 a - a +0 rapier (weapon)
Armour
 b - a +0 scale mail (worn)
 c - a +0 buckler (worn)
Potions
 d - a potion of might
 e - a potion of resistance {unknown}


   Skills:
 + Level 3.8 Fighting
 + Level 2.4 Short Blades
 + Level 3.8 Armour
 + Level 0.6 Dodging
 + Level 3.8 Shields


You had one spell level left.
You didn't know any spells.
Your spell library was empty.

Dungeon Overview and Level Annotations

Branches:
Dungeon (1/15)

Altars:

Annotations:
D:2 Robin


Innate Abilities, Weirdness & Mutations

You have a pair of horns on your head.
You reflexively headbutt those who attack you in melee.


Message History

The hobgoblin no longer looks unusually strong.
You have reached level 2!
You hit the hobgoblin but do no damage.
The goblin no longer looks unusually strong. x2
You block the hobgoblin's attack.
You hit the hobgoblin. You headbutt the hobgoblin.
The hobgoblin is heavily wounded.
Robin roars a battlecry!
The goblins go into a battle-frenzy!
The hobgoblin hits you.
You hit the hobgoblin but do no damage.
The hobgoblin is heavily wounded.
Robin throws the goblin at you! The goblin hits you with a +0 club.
The hobgoblin hits you but does no damage.
You hit the hobgoblin.
You kill the hobgoblin!
The goblin hits you but does no damage. Robin throws the goblin at you!
The goblin hits you but does no damage.
You hit the goblin but do no damage. Your headbutt misses the goblin.
The goblin hits you with a +0 club. x2
You completely miss the goblin.
You headbutt the goblin, but do no damage.
The goblin hits you with a +0 club.
* * * LOW HITPOINT WARNING * * *
The goblin hits you with a +0 club.
* * * LOW HITPOINT WARNING * * *
You hit the goblin.
You kill the goblin!
Robin says, "My army is invincible!"
The goblin hits you with a +0 club.
* * * LOW HITPOINT WARNING * * *
Robin roars a battlecry!
The goblin goes into a battle-frenzy!
You see here a +0 club.
Robin throws the goblin at you!
* * * LOW HITPOINT WARNING * * *
You closely miss the goblin. You headbutt the goblin.
The goblin is severely wounded.
The goblin hits you with a +0 club.
You die...

#..#....#.#####
#..#....#.# #..#.##.#.#
#.......#.# #.........#
####.##.#.# #########
#.##...#
#......g#######.##...##
#hggg.g@g...†....##
#gg######.........#
.....# #.............
⌠.8.##.# ##.........###
...gg #.# ##.#.....##
._g⌠ ..# #.##...## .g..
### #.###.## .⌠g #+# ##


You could see Robin, a jackal, a hobgoblin (strong) and 6 goblins.

Vanquished Creatures
  4 goblins (D:2)
  2 hobgoblins (D:2)
  2 jackals (D:2)
  A ball python (D:2)
9 creatures vanquished.

Notes
Turn   | Place    | Note
-------+----------+-------------------------------------------
     0 | D:1      | Metae the Minotaur Fighter began the quest for the Orb.
     0 | D:1      | Reached XP level 1. HP: 19/19 MP: 0/0
    63 | D:1      | You fall into a shaft and drop 1 floor!
    94 | D:2      | Found a faded altar of an unknown god.
    95 | D:2      | Noticed Robin
   115 | D:2      | Reached XP level 2. HP: 25/27 MP: 1/1
   124 | D:2      | Slain by a goblin

Illustrated notes

Levels and vault maps discovered:
D:1:      minmay_arrival_semitransparent, layout_loops_ring
D:2:      minmay_general_purpose_star, layout_loops_corners,
          hellmonk_ecumenical_altar_dog_temple, uniq_robin, uniq_terence,
          uniq_crazy_yiuf_cottage

Action                     || total
---------------------------++-------
  Melee: Rapier            ||    23
         Headbutt          ||     5
 Armour: Scale mail        ||     9
  Dodge: Dodged            ||    10
  Block: Buckler           ||     5
